AoeStats
← AlfredtGreat354

Black Forest

509184364Analyzed
4v4 RM · 8d ago on Sep 25, 2026· 84m 13s· 8 players
Game mode
Random Map
Map size
Large (8 player)
Population
200
Speed
Normal
Resources
Standard
Victory
Conquest
Starting age
Dark Age
Ending age
Imperial Age
RankedLock teamsTeams togetherTeam positionsShared explorationLock speedFull tech treeHidden civsTurbo modeCheats
Victory
Defeat
🇬🇧 Mongols · United Kingdom
1000
+5
🇬🇧 Wei · United Kingdom
508
+9
🇬🇧 Celts · United Kingdom
373
+13
🇬🇧 Khmer · United Kingdom
372
+14
🇪🇸 Khmer · Spain
424
-11
🇪🇸 Persians · Spain
391
-10
🇹🇷 Gurjaras · Türkiye
370
-9
🇩🇪 Huns · Germany
311
-7
KINGTOM
8:53 Loom
12:46 Feudal Age
13:18 Double-Bit Axe
13:18 Horse Collar
16:33 Town Watch
17:48 Fletching
19:07 Wheelbarrow
18:34 Stone Mining
18:41 Gold Mining
22:14 Forging
22:32 Bloodlines
27:23 Castle Age
26:07 Scale Barding Armor
26:03 Padded Archer Armor
28:44 Bow Saw
28:39 Heavy Plow
28:41 Bodkin Arrow
29:13 Husbandry
28:34 Light Cavalry
30:53 Town Patrol
31:41 Gold Shaft Mining
32:56 Hand Cart
33:03 Murder Holes
33:32 Ballistics
35:18 Masonry
35:46 Iron Casting
44:12 Imperial Age
52:04 Chemistry
50:29 Cavalier
50:35 Heavy Cavalry Archer
50:44 Capped Ram
51:42 Siege Ram
53:40 Bracer
54:41 Blast Furnace
54:47 Two-Man Saw
aydinturkmen46
0:39 Loom
15:50 Feudal Age
16:15 Fishing Lines
18:17 Double-Bit Axe
25:29 Wheelbarrow
28:49 Castle Age
26:42 Gold Mining
27:01 Stone Mining
30:23 Hand Cart
33:47 Clinker Construction
33:18 Treadmill Crane
33:56 Fortified Wall
33:37 Guard Tower
33:58 Masonry
34:09 Ballistics
34:22 Caravan
35:24 Gillnets
36:15 Stone Shaft Mining
36:15 Gold Shaft Mining
36:01 Murder Holes
36:14 Scale Barding Armor
36:09 Scale Mail Armor
36:20 Forging
36:00 Fletching
41:19 Chain Barding Armor
41:15 Chain Mail Armor
41:35 Iron Casting
40:56 Bodkin Arrow
41:01 Padded Archer Armor
42:29 Arson
42:51 Husbandry
43:01 Bloodlines
42:12 Light Cavalry
47:39 Imperial Age
45:52 Leather Archer Armor
48:49 Kshatriyas
49:05 Conscription
49:21 Hoardings
48:56 Horse Collar
49:57 Plate Mail Armor
50:02 Architecture
50:14 Keep
50:40 Chemistry
50:02 Carvel Hull
50:23 Keep
50:49 Chemistry
50:20 Architecture
51:05 Heavy Plow
51:19 Bow Saw
51:22 Heavy Scorpion
52:52 Plate Barding Armor
52:18 Bracer
53:38 Crop Rotation
53:30 Elite Skirmisher
54:16 Thumb Ring
53:33 Elite Elephant Archer
54:25 Elite Shrivamsha Rider
65:26 Elite Chakram Thrower
85:04 Frontier Guards
Jau Jau
0:53 Loom
12:36 Feudal Age
15:12 Wheelbarrow
19:08 Double-Bit Axe
23:44 Fishing Lines
24:25 Horse Collar
29:19 Castle Age
30:14 Forging
30:05 Scale Mail Armor
30:11 Scale Barding Armor
29:57 Fletching
30:09 Padded Archer Armor
30:55 Hand Cart
32:02 Chain Mail Armor
32:23 Iron Casting
32:17 Caravan
35:19 Husbandry
35:57 Gillnets
45:32 Chain Barding Armor
45:28 Leather Archer Armor
45:09 Bodkin Arrow
49:21 Imperial Age
47:03 Heavy Plow
47:18 Pikeman
47:59 Squires
49:10 Halberdier
53:44 Cavalier
55:31 Elite War Elephant
61:08 Savar
ENDER
15:15 Feudal Age
16:40 Wheelbarrow
15:49 Horse Collar
16:55 Double-Bit Axe
17:04 Gold Mining
21:35 Castle Age
21:00 Stone Mining
22:36 Caravan
26:46 Hand Cart
27:10 Bow Saw
27:49 Gold Shaft Mining
30:36 Imperial Age
37:17 Husbandry
37:27 Bloodlines
42:28 Tusk Swords
42:30 Double Crossbow
42:53 Conscription
45:51 Forging
45:47 Scale Barding Armor
46:07 Siphons
48:06 Heavy Plow
48:52 Elite Ballista Elephant
51:05 Iron Casting
50:51 Chain Barding Armor
50:51 Padded Archer Armor
58:25 Elite Battle Elephant
71:17 Blast Furnace
70:36 Leather Archer Armor
gjaflaug
13:21 Feudal Age
14:38 Wheelbarrow
19:23 Double-Bit Axe
24:21 Forging
24:12 Scale Mail Armor
26:25 Castle Age
25:20 Man-at-Arms
30:25 Iron Casting
31:40 Pikeman
33:30 Gold Mining
39:39 Chain Mail Armor
41:25 Hand Cart
43:11 Stronghold
47:32 Imperial Age
49:03 Halberdier
49:07 Heavy Scorpion
53:05 Blast Furnace
52:36 Plate Mail Armor
70:54 Furor Celtica
71:07 Conscription
AlfredtGreat354
13:19 Feudal Age
15:07 Wheelbarrow
14:33 Horse Collar
15:22 Double-Bit Axe
15:51 Forging
18:52 Gold Mining
23:27 Fletching
23:38 Padded Archer Armor
24:04 Stone Mining
27:01 Castle Age
26:11 Man-at-Arms
28:01 Hand Cart
28:36 Heavy Plow
29:05 Bow Saw
30:03 Gold Shaft Mining
31:27 Leather Archer Armor
31:08 Bodkin Arrow
32:10 Iron Casting
32:49 Stone Shaft Mining
31:52 Crossbowman
31:54 Elite Skirmisher
39:43 Caravan
41:34 Scale Mail Armor
44:08 Imperial Age
46:05 Heavy Scorpion
47:51 Crop Rotation
47:57 Ring Archer Armor
49:11 Conscription
49:28 Hoardings
49:06 Double Crossbow
51:21 Chemistry
50:34 Fortified Wall
50:46 Ballistics
53:45 Arbalester
55:20 Elite Ballista Elephant
Harv
12:17 Feudal Age
14:01 Wheelbarrow
13:16 Loom
14:34 Double-Bit Axe
21:56 Castle Age
25:58 Bow Saw
28:06 Hand Cart
32:34 Imperial Age
31:49 Town Watch
35:27 Thumb Ring
34:50 Crossbowman
35:04 Elite Skirmisher
38:24 Parthian Tactics
38:17 Scale Barding Armor
38:23 Forging
38:04 Fletching
38:14 Padded Archer Armor
38:18 Scale Mail Armor
38:34 Fortified Wall
43:41 Block Printing
44:34 Elite Tiger Cavalry
55:51 Ming Guang Armor
61:46 Tuntian
62:09 Conscription
75:59 Pikeman
76:39 Squires
77:23 Iron Casting
77:09 Chain Barding Armor
77:05 Chain Mail Armor
TheRoad24
13:41 Feudal Age
13:49 Feudal Age
18:00 Double-Bit Axe
22:38 Castle Age
22:03 Horse Collar
24:22 Heavy Plow
24:58 Gold Mining
26:14 Wheelbarrow
27:54 Gold Shaft Mining
28:20 Bow Saw
29:21 Stone Mining
30:29 Thumb Ring
30:29 Crossbowman
30:30 Elite Skirmisher
33:22 Stone Shaft Mining
36:31 Fortified Wall
37:33 Masonry
39:30 Ballistics
40:14 Caravan
40:59 Hand Cart
45:47 Imperial Age
46:53 Conscription
47:28 Arbalester
49:19 Chemistry
49:28 Forging
49:21 Padded Archer Armor
49:12 Fletching
50:43 Bodkin Arrow
51:03 Leather Archer Armor
51:45 Onager
52:31 Bracer
54:47 Siege Onager
64:02 Drill
Connection lost

Rejoining the realm…

Still unreachable

The connection could not be restored.

Session expired

The server has moved on; the page needs a fresh start.